 Dungeon Crawl Stone Soup version 0.30.0-17-ge0270778cf (webtiles) character file.

Game seed: 3464669151005898318

3945 sampeng1 the Fighter (level 10, -1/135 HPs)
             Began as a Minotaur Berserker on May 23, 2023.
             Was a High Priest of Trog.
             Slain by an orc warlord
             ... wielding a +8 executioner's axe
              (17 damage)
             ... in a bailey.
             The game lasted 00:20:00 (5394 turns).

sampeng1 the Fighter (Minotaur Berserker)           Turns: 5394, Time: 00:20:01

Health: -1/135     AC: 20    Str: 26    XL:     10   Next: 2%
Magic:  9/9        EV:  9    Int: -1    God:    Trog [*****.]
Gold:   354        SH:  5    Dex: 10    Spells: 9/9 levels left

rFire   + + .        K - +3 hand axe "Ocoropti" {heavy, *Rage rF+++ rC+++ Int-5}
rCold   + + +        d - +0 buckler
rNeg    . . .        c - +1 plate armour
rPois   .            j - +0 hat
rElec   .            B - +0 cloak
rCorr   .            l - +0 pair of gloves
SInv    .            o - +2 pair of boots
Will    .....        k - amulet of regeneration Stlth
                     z - +4 ring of slaying
HPRegen 1.22/turn    n - ring of ice
MPRegen 0.11/turn

%: random rage (20%)
@: berserking (expiring), slowed, lost intelligence, unable to read
A: horns 2, retaliatory headbutt
a: Renounce Religion, Berserk, Trog's Hand, Brothers in Arms


You were in a bailey.
You worshipped Trog.
Trog was extremely pleased with you.
You visited 1 branch of the dungeon, and saw 8 of its levels.
You also visited: Bailey.

You collected 354 gold pieces.

Inventory:

Hand Weapons
 H - a +1 broad axe of flaming
 K - the +3 hand axe "Ocoropti" (weapon) {heavy, *Rage rF+++ rC+++ Int-5}
   (You found it on level 8 of the Dungeon)

   Int:       It affects your intelligence (-5).
   rF:        It renders you almost immune to fire.
   rC:        It renders you almost immune to cold.
   *Rage:     It berserks you when you make melee attacks (+20% chance).
Missiles
 a - a throwing net
 e - 10 poisoned darts
 f - 23 stones
 r - 30 boomerangs
Armour
 c - a +1 plate armour (worn)
 d - a +0 buckler (worn)
 j - a +0 hat (worn)
 l - a +0 pair of gloves (worn)
 o - a +2 pair of boots (worn)
 s - a +0 scale mail of poison resistance
 B - a +0 cloak (worn)
Jewellery
 b - an amulet of faith
 g - a ring of flight
 k - an amulet of regeneration (around neck)
 n - a ring of ice (right hand)
 y - a ring of magical power
 z - a +4 ring of slaying (left hand)
 E - a +4 ring of slaying
Wands
 v - a wand of digging (10)
 A - a wand of quicksilver (14)
 F - a wand of flame (28)
Scrolls
 q - a scroll of fog
 t - a scroll of poison
 x - 4 scrolls of identify
 D - 3 scrolls of fear
 G - a scroll of butterflies {unknown}
 I - 4 scrolls of immolation
Potions
 h - 3 potions of attraction
 i - a potion of berserk rage {unknown}
 m - 3 potions of curing (quivered)
 p - a potion of lignification {unknown}
 u - 2 potions of haste
 w - 3 potions of brilliance
 C - a potion of cancellation
 J - a potion of degeneration {unknown}
 L - 2 potions of mutation {unknown}
 M - a potion of might {unknown}


   Skills:
 + Level 8.9 Fighting
 + Level 8.8 Axes
 + Level 8.4 Armour
 + Level 7.6 Dodging
 + Level 6.2 Shields


You had 9 spell levels left.
You didn't know any spells.
Your spell library was empty.

Dungeon Overview and Level Annotations

Branches:
Dungeon (8/15)             Temple (0/1) D:5            Lair (0/5) D:8
 Bailey (1/1)

Altars:
Kikubaaqudgha
Nemelex Xobeh
Vehumet


Innate Abilities, Weirdness & Mutations

You have a pair of horns on your head.
You reflexively headbutt those who attack you in melee.


Message History

L - 2 blue potions (gained 1)
D - 3 scrolls of fear (gained 1)
You now have 354 gold pieces (gained 10).
The orc warlord shouts!
You open the gate.
You hit the orc warlord but do no damage.
You block the orc warlord's attack.
The orc warlord hits you with a +8 executioner's axe!
A red film seems to cover your vision as you go berserk!
You feel yourself moving faster!
You feel mighty!
You slash the orc warlord!
The orc warlord is lightly wounded.
You block the orc warlord's attack.
The orc warlord hits you with a +8 executioner's axe.
You slash the orc warlord!
The orc warlord is moderately wounded.
The orc warlord hits you but does no damage.
You slash the orc warlord!
The orc warlord is moderately wounded.
The orc warlord hits you with a +8 executioner's axe!
The orc warlord barely misses you. You furiously retaliate!
You headbutt the orc warlord! You slice the orc warlord!!
You headbutt the orc warlord!
The orc warlord is heavily wounded.
The orc warlord hits you with a +8 executioner's axe!!
You slice the orc warlord!!
The orc warlord is severely wounded.
The orc warlord hits you with a +8 executioner's axe!!
You closely miss the orc warlord.
The orc warlord is severely wounded.
The orc warlord hits you with a +8 executioner's axe!
The orc warlord hits you with a +8 executioner's axe!!
* * * LOW HITPOINT WARNING * * *
You barely miss the orc warlord. Your headbutt misses the orc warlord.
The orc warlord is severely wounded.
The orc warlord hits you with a +8 executioner's axe!!
* * * LOW HITPOINT WARNING * * *
You slash the orc warlord! Your headbutt misses the orc warlord.
The orc warlord is almost dead.
The orc warlord hits you with a +8 executioner's axe!
You die...

.....#)~~~~#..........#
8..).')....'..........#
...#########......8...#
.†##~~~# ~ ####......##
..#~:... .~#~~#.....##
..#~!... ....~#....##
..##8.8. .8.8~##...#
...#.... ....~~'...#
...#.... ....~~o@..#
...#o... ....~~'...#
..##8.8. .8.8~##...#
..#~!... ....~#....##
).#~=... .~#~~#.....##
..##~~~# ~~####......##
...#########......8...#
8....'.....'.)........#
.....#~~~~~#.)........#


You could see an orc warlord.

Vanquished Creatures
  Maurice (D:8)
  Maggie (D:7)
  A komodo dragon (D:8)
  Prince Ribbit (D:8)
  Sigmund (D:3)
  2 water moccasins
  5 orc warriors
  2 sky beasts (D:7)
  2 ice beasts
  A centaur (D:7)
  A phantom (D:4)
  3 bullfrogs (D:6)
  2 scorpions (D:4)
  12 killer bees (D:8)
  2 hounds
  A jelly (D:5)
  2 orc priests
  5 iguanas
  4 orc wizards
  Natasha (thrice) (D:3)
  A sleepcap (D:6)
  5 adders
  14 gnolls
  A white imp (D:7)
  A worm (D:4)
  2 dart slugs
  28 orcs
  A bat (D:1)
  12 endoplasms
  3 giant cockroaches (D:4)
  5 goblins
  10 hobgoblins
  9 jackals
  3 quokkas
  3 ball pythons
  4 frilled lizards
  16 kobolds
  5 rats
175 creatures vanquished.

Vanquished Creatures (others)
  An orc (D:5)
1 creature vanquished.

Grand Total: 176 creatures vanquished

Notes
Turn   | Place    | Note
-------+----------+-------------------------------------------
     0 | D:1      | sampeng1 the Minotaur Berserker began the quest for the
                  | Orb.
     0 | D:1      | Reached XP level 1. HP: 19/19 MP: 0/0
    17 | D:1      | Reached XP level 2. HP: 24/27 MP: 1/1
   231 | D:1      | Reached ** piety under Trog
   237 | D:1      | Reached XP level 3. HP: 32/33 MP: 2/2
  1180 | D:3      | Noticed Sigmund
  1223 | D:3      | Killed Sigmund
  1224 | D:3      | Reached XP level 4. HP: 41/41 MP: 3/3
  1224 | D:3      | Reached XP level 5. HP: 47/47 MP: 4/4
  1318 | D:3      | Noticed Natasha
  1333 | D:3      | Killed Natasha
  1351 | D:3      | Noticed Natasha
  1361 | D:3      | Killed Natasha
  1362 | D:3      | Reached skill level 5 in Fighting
  1362 | D:3      | Reached skill level 5 in Axes
  1381 | D:3      | Noticed Natasha
  1390 | D:3      | Killed Natasha
  1455 | D:3      | Found a sparkling altar of Nemelex Xobeh.
  1616 | D:4      | Reached XP level 6. HP: 55/56 MP: 5/5
  1765 | D:4      | Reached *** piety under Trog
  1957 | D:4      | Reached skill level 5 in Armour
  1957 | D:4      | Reached XP level 7. HP: 62/62 MP: 6/6
  2250 | D:5      | Entered Level 5 of the Dungeon
  2487 | D:5      | Reached skill level 5 in Dodging
  2487 | D:5      | Reached skill level 1 in Shields
  2519 | D:5      | Found a staircase to the Ecumenical Temple.
  2580 | D:5      | Reached **** piety under Trog
  3024 | D:6      | Reached XP level 8. HP: 65/71 MP: 7/7
  3131 | D:6      | Identified the +2 rapier of the Mashing Gods {venom,
                  | Stlth+}
  3617 | D:6      | Found a radiant altar of Vehumet.
  4163 | D:7      | Noticed Maggie
  4175 | D:7      | Killed Maggie
  4176 | D:7      | Reached XP level 9. HP: 80/80 MP: 8/8
  4865 | D:8      | Found an ancient bone altar of Kikubaaqudgha.
  4875 | D:8      | Noticed Maurice
  4889 | D:8      | Killed Maurice
  4890 | D:8      | Reached skill level 5 in Shields
  4951 | D:8      | Found a staircase to the Lair.
  4952 | D:8      | Noticed a komodo dragon
  4963 | D:8      | Killed a komodo dragon
  5095 | D:8      | Reached ***** piety under Trog
  5171 | D:8      | Noticed Prince Ribbit
  5180 | D:8      | Killed Prince Ribbit
  5210 | D:8      | Found a flagged portal.
  5224 | D:8      | Identified the +3 hand axe "Ocoropti" {heavy, *Rage rF+++
                  | rC+++ Int-5}
  5228 | Bailey   | Entered a bailey
  5229 | Bailey   | Lost intelligence.
  5237 | Bailey   | Noticed an orc warlord
  5329 | Bailey   | Reached XP level 10. HP: 84/90 MP: 9/9
  5343 | Bailey   | Found a runed translucent gate.
  5345 | Bailey   | Found a runed translucent gate.
  5347 | Bailey   | Found a runed translucent gate.
  5394 | Bailey   | Slain by an orc warlord

Illustrated notes

Levels and vault maps discovered:
D:1:      ncdulo_lavacross, layout_rooms
D:2:      layout_loops_ring, minivault_25
D:3:      layout_rooms, old_standard_altar, uniq_sigmund, uniq_natasha
D:4:      layout_gridville, hangedman_decor_growths, serial_bayou_pond_b,
          minmay_increasing_density
D:5:      layout_gridville, lemuel_temple_firewalk_b, mrwooster_statue_mirror
D:6:      layout_layer_cave, marbit_many_paths
D:7:      layout_layer_cave, uniq_maggie
D:8:      layout_cave_pools, mainiacjoe_overflow_big_doors, david_lair_shrubbed,
          enter_bailey_2, uniq_maurice, uniq_prince_ribbit1
Bailey:   bailey_axe_bossmonster_kennysheep, bailey

Skill      XL: |  1  2  3  4  5  6  7  8  9 |
---------------+----------------------------+-----
Fighting       | 4 5 6 7 8 |  8.9
Axes           | 4 5 6 7 8 |  8.8
Armour         | 3 4 5 7 8 |  8.4
Dodging        | 3 4 5 6 7 |  7.6
Shields        | 2 4 6 |  6.2

Action                     |  1- 3 |  4- 6 |  7- 9 | 10-12 || total
---------------------------+-------+-------+-------+-------++-------
  Melee: Hand axe          |    98 |    80 |    31 |     9 ||   218
         Headbutt          |    11 |    17 |    42 |     1 ||    71
         War axe           |       |    23 |   125 |       ||   148
         Broad axe         |       |       |    61 |       ||    61
 Invoke: Berserk           |       |     1 |       |       ||     1
    Use: Scroll            |     5 |       |    10 |       ||    15
 Armour: Animal skin       |     2 |       |       |       ||     2
         Plate armour      |    44 |    76 |   158 |     1 ||   279
  Dodge: Dodged            |    28 |    30 |   125 |     1 ||   184
  Block: Buckler           |       |     8 |    53 |     2 ||    63
